 Dungeon Crawl Stone Soup version 0.02-202-gb41bd04 (webtiles) character file.

Game seed: 13415673875340086963, levelgen mode: deterministic

77 Kalegnar the Ducker (level 4, 0/4 HPs) Fairy Air Elementalist. Began on Nov 4, 2020. Succumbed to a water moccasin's poison ... on level 1 of the Dungeon. The game lasted 00:04:09 (925 turns).

Kalegnar the Ducker (Fairy Air Elementalist)         Turns: 925, Time: 00:04:10

Health: 0/4        AC: 22    Str:  2    XL:     4 ^: 86
Magic:  3/3        EV:  5    Int: 19    God:
Gold:   79         SH:  0    Dex: 17    Spells: 3/9 levels left

rFire    . . .     Vision   .   (no jewelry)
rCold    . . .     Gourm    .
rNeg     + + +     Faith    .
rPois    +         Spirit   .
rElec    .         Reflect  .
rCorr    .         Harm     .
MR       .....     NoTele   +
Stlth    +.........
HPRegen  0.11/turn
MPRegen  0.13/turn

@: lethally poisoned (0 -> -1), tree-form, glowing
A: tiny, no armour or weapons, only one jewelry slot, no melee attacks, fairy
magic, fairy shield, fairy light, decreased potion and divine healing, able to
fly, insubstantial
a: Stop Flying


You were on level 1 of the Dungeon.
You were not hungry.
You were a tree.
You visited 1 branch of the dungeon, and saw 2 of its levels.

You collected 79 gold pieces.

Inventory:

Scrolls
 c - a scroll of torment
 d - a scroll of enchantment
Potions
 a - a potion of brilliance
Comestibles
 b - 3 rations
 f - a chunk of flesh


   Skills:
 + Level 4.0 Dodging
 - Level 1.4 Stealth
 + Level 3.4 Spellcasting
 + Level 3.8 Air Magic


You had 3 spell levels left.
You knew the following spells:

 Your Spells              Type           Power        Failure   Level  Hunger
a - Shock                 Air            17 (25)      3%          1    None
b - Swiftness             Chrm/Air       10 (100)     10%         2    ##.....
c - Static Discharge      Air            17 (100)     9%          3    ###....

Your spell library contained the following spells:

 Spells                   Type           Power        Failure   Level  Hunger
 Airstrike                Air            17 (200)     30%         4    ####...
 Lightning Bolt           Air            17 (200)     63%         5    ######.


Dungeon Overview and Level Annotations

Branches:
Dungeon (2/8)

Altars:


Innate Abilities, Weirdness & Mutations

You are too small to use any gear.
You can wear a single ring or amulet completely around your body.
You are incapable of melee of any kind.
Your magic reserves are extremely low but spells that normally cost one mana are free and all other spells cost one mana.
You are extremely frail but all attacks that strike you do exactly one damage.
You exude a bright light in a small radius around yourself.
The effect of potions and godly healing effects is reduced to match your tiny health and magic reserves.
((You cover ground slowly.))
You can fly continuously.
Your insubstantial form boosts your evasion and grants immunity to sticky flames, nets and constriction.


Message History

You feel sick. (1)
The water moccasin misses you (0).
Casting: Shock (safe; 3% risk of failure)
Confirm with . or Enter, or press ? or * to list all spells.
Aiming: Shock (safe; 3% risk of failure)
Press: ? - help, Shift-Dir - straight line The zap hits the water moccasin (4).
The water moccasin is severely wounded. (7/28) HP The zap hits the water moccasin (4).
The water moccasin is almost dead. (3/28) HP The water moccasin closely misses you (0).
Really quaff the potion of lignification?
You turn into a tree.
Your roots penetrate the ground.
The water moccasin barely misses you (0).
The water moccasin bites you but does no damage.
You're too small and insubstantial to effectively melee attack.
The water moccasin bites you (6).
* * * LOW HITPOINT WARNING * * *
You no longer feel sluggish.
You die...

#.## #.##.###.# #.......# ..#
#.##..##.# #.####### #.#
#.###.##.# #.# #'## #.# #.##)#
#.# ...## #.###≈##.# #.# # ....##
#.....>≈.# #.### ## .....##
#..##≈##.# #.#.## ##.
).....####...#.##S#####....####..
......'.........♣.............+..
......####...#.##.#####....####..
.....## #........#.......## ##.
....## #####.####.###.#.# ##
...## #.# #.###.#)# #### #'## #.#
#.##..#.# #... #.# #.# #.##.##.#
#.## #.# #.# #.##.##.# #.## #.##
#.# ##.##.##.## #.##


You could see a water moccasin.

Vanquished Creatures
  A giant cockroach (D:2)
  2 adders (D:2)
  3 cinder newts
  An ooze (D:1)
  3 goblins (D:1)
  5 hobgoblins (D:1)
  4 bats (D:1)
  A bat skeleton (D:2)
  A kobold (D:1)
  2 rats (D:1)
  2 withered plants (D:2)
25 creatures vanquished.

Vanquished Creatures (others)
  27 withered plants (D:2)
27 creatures vanquished.

Grand Total: 52 creatures vanquished

Notes
Turn   | Place    | Note
-------+----------+-------------------------------------------
     0 | D:1      | Kalegnar the Fairy Air Elementalist began the quest for the
                  | Orb.
     0 | D:1      | Reached XP level 1. HP: 3/3 MP: 3/3
   138 | D:1      | Reached skill level 3 in Dodging
   172 | D:1      | Reached XP level 2. HP: 3/3 MP: 3/3
   386 | D:1      | Learned a level 2 spell: Swiftness
   621 | D:1      | Reached XP level 3. HP: 4/4 MP: 3/3
   626 | D:1      | Learned a level 3 spell: Static Discharge
   875 | D:2      | Reached skill level 4 in Dodging
   875 | D:2      | Reached XP level 4. HP: 4/4 MP: 3/3
   898 | D:2      | Noticed a water moccasin
   925 | D:1      | Succumbed to a water moccasin's poison

Levels and vault maps discovered:
D:1:      lightli_molten_gateway, layout_loops_corners
D:2:      layout_sewer, tso_metal_star, first_ration, uniq_natasha

Skill      XL: |  1  2  3 |
---------------+----------+-----
Dodging        | 3 4 |  4.0
Spellcasting   | 3 |  3.4
Stealth        | |  1.4
Air Magic      | |  3.8

Action                   |  1- 3 |  4- 6 || total
-------------------------+-------+-------++-------
 Cast: Shock             |    55 |    10 ||    65
       Static Discharge  |     1 |       ||     1
       Swiftness         |       |     1 ||     1
 Abil: Fly               |     1 |       ||     1
  Use: Potion            |       |     1 ||     1
  Eat: Chunk             |     1 |       ||     1
Armor: Skin              |       |     1 ||     1
Dodge: Dodged            |    13 |    25 ||    38
